 Dungeon Crawl Stone Soup version 0.22.0-75-g3901e7991e (webtiles) character file.

3780 MaCx the Cleaver (level 10, -5/97 HPs)
             Began as a Hill Orc Fighter on Sept 11, 2018.
             Was an Initiate of Yredelemnul.
             Slain by a white ugly thing (26 damage)
             ... on level 7 of the Dungeon on Sept 12, 2018.
             The game lasted 00:30:05 (15612 turns).

MaCx the Cleaver (Hill Orc Fighter)                Turns: 15612, Time: 00:30:06

Health: -5/97      AC:  5    Str: 22    XL:     10   Next: 16%
Magic:  10/10      EV:  7    Int:  8    God:    Yredelemnul [......]
Gold:   473        SH: 10    Dex: 14    Spells: 9/9 levels left

rFire    + . .     SeeInvis .   x - +5 flail "Killer Bee's Doom" {crush, Dex+3}
rCold    . . .     Gourm    +   h - +1 shield {rF+}
rNeg     . . .     Faith    .   b - +0 scale mail
rPois    .         Spirit   .   (no helmet)
rElec    .         Reflect  .   (no cloak)
rCorr    .         Harm     .   (no gloves)
MR       .....                  C - +2 pair of boots
Stlth    ..........             D - amulet of the gourmand
HPRegen  0.26/turn              l - +3 ring of slaying
MPRegen  0.12/turn              (no ring)

@: corroded, drained
A: no striking features
a: Renounce Religion


You were on level 7 of the Dungeon.
You worshipped Yredelemnul.
Yredelemnul was noncommittal.
You were not hungry.

You visited 2 branches of the dungeon, and saw 10 of its levels.

You collected 473 gold pieces.

Inventory:

Hand Weapons
 a - a +0 war axe
 o - a +2 hunting sling of freezing
 v - a +0 blowgun
 x - the +5 flail "Killer Bee's Doom" (weapon) {crush, Dex+3}
   (You found it on level 4 of the Dungeon)

   It inflicts extra damage upon your enemies.
   It affects your dexterity (+3).
Missiles
 u - 61 poisoned needles
Armour
 b - a +0 scale mail (worn)
 h - a +1 shield of fire resistance (worn)
 t - a +0 plate armour
 C - a +2 pair of boots (worn)
Jewellery
 l - a +3 ring of slaying (left hand)
 D - an amulet of the gourmand (around neck)
Wands
 y - a wand of polymorph (11)
 A - a wand of disintegration (20)
 F - a wand of iceblast (10)
 G - a wand of flame (13)
Scrolls
 e - 5 scrolls of teleportation {unknown}
 g - 3 scrolls of amnesia {unknown}
 i - 2 scrolls of fear {unknown}
 k - 7 scrolls of remove curse {unknown}
 m - 4 scrolls of blinking {unknown}
 n - 7 scrolls of identify
 p - 2 scrolls of enchant weapon {unknown}
 q - 5 scrolls of random uselessness {unknown}
 r - a scroll of magic mapping {unknown}
 s - 2 scrolls of fog {unknown}
 w - a scroll of enchant armour {unknown}
Potions
 c - a potion of flight {unknown}
 d - a potion of might
 j - 2 potions of heal wounds
 z - 4 potions of curing {unknown}
 B - 2 potions of brilliance {unknown}
 E - a potion of magic {unknown}
Comestibles
 f - 16 rations


   Skills:
 + Level 12.3(11.8) Fighting
 + Level 12.8(12.4) Axes
 - Level 1.6(6.8) Maces & Flails
 - Level 3.2(2.9) Armour
 - Level 3.2(2.9) Shields


You had 9 spell levels left.
You didn't know any spells.
Your spell library contained the following spells:

 Spells                   Type           Power        Failure   Level  Hunger
 Animate Skeleton         Necr           N/A          99%         1    ##.....
 Apportation              Tloc           #.....       99%         1    ##.....
 Confusing Touch          Hex            #.....       99%         1    ##.....
 Magic Dart               Conj           #...         99%         1    ##.....
 Summon Small Mammal      Summ           #...         99%         1    ##.....
 Searing Ray              Conj           #.....       100%        2    ###....
 Dazzling Spray           Conj/Hex       #.....       100%        3    ####...
 Force Lance              Conj/Tloc      #.......     100%        4    #####..
 Fulminant Prism          Conj/Hex       #.........   100%        4    #####..
 Iskenderun's Mystic Bla  Conj           #.......     100%        4    #####..


Dungeon Overview and Level Annotations

Branches:
Dungeon (9/15)             Temple (1/1) D:7
   Lair: D:8-11         Orc: D:9-12

Altars:
Ashenzari
Cheibriados
Dithmenos
Elyvilon
Fedhas
Gozag
Hepliaklqana
Kikubaaqudgha
Makhleb
Nemelex Xobeh
Okawaru
Qazlal
Ru
Sif Muna
Trog
Uskayaw
Vehumet
Wu Jian
Xom
Yredelemnul
Zin
The Shining One

Shops:
D:4 [   D:7 !

Annotations:
D:8 , 2 transporters


Message History

The cyan ugly thing bites you but does no damage.
The cyan ugly thing bites you. The cyan ugly thing shocks you!
You hit the cyan ugly thing but do no damage.
The cyan ugly thing is heavily wounded.
The brown ugly thing kicks you.
You are splashed with acid!
The acid burns!
The cyan ugly thing barely misses you.
The cyan ugly thing basks in the mutagenic energy from its kin and changes!
The brown ugly thing kicks you! The acid corrodes you!
You are splashed with acid!
The acid burns!
* * * LOW HITPOINT WARNING * * *
There are no items here.
The brown ugly thing basks in the mutagenic energy from its kin and changes!
There is a stone staircase leading up here.
You climb upwards.
There is a stone staircase leading down here.
The white ugly thing headbutts you!
* * * LOW HITPOINT WARNING * * *
The white ugly thing freezes you!!
You die...
Your body rises from the dead as a mindless zombie.

##...#........##..#..#..#..#..#..
.........####.##..#..............
###..########..#..#>.............
..................#..............
.....#########....#..#..#..#..#..
###############.#+#..............
..................###############
..##############.u###.# #.#
..##............@>....# #.#
..##.############.##### #.#
..##.#...###.#..#.# #.#
####......)...<.#.# #.#
######..[[....###.###########.#
..............+.......^....##.###
#................................
#.#############.#############.###
#.#...........#.#...........#.#..


You could see a white ugly thing.

Vanquished Creatures
  Pikel (D:7)
  A hornet (D:9)
  A spriggan (D:7)
  An orc warrior (D:6)
  An ice beast (D:7)
  A black bear (D:7)
  6 ogres
  A phantom (D:6)
  2 centaurs
  4 bullfrogs
  2 scorpions (D:4)
  7 wights
  3 howler monkeys
  A crimson imp (D:6)
  A centaur zombie (D:7)
  A quasit (D:6)
  2 bullfrog zombies
  4 hounds
  7 orc wizards
  2 orc priests (D:7)
  A centaur skeleton (D:8)
  4 iguanas
  9 worker ants
  A hound zombie (D:7)
  A howler monkey skeleton (D:7)
  16 adders
  A shadow imp (D:7)
  An ooze (D:1)
  An adder skeleton (D:6)
  2 dart slugs
  7 leopard geckos
  20 orcs
  A ball python (D:3)
  6 bats
  11 giant cockroaches
  10 goblins
  7 hobgoblins
  6 jackals
  4 quokkas
  7 frilled lizards
  11 kobolds
  2 quokka skeletons
  5 rats
183 creatures vanquished.

Vanquished Creatures (others)
  A plant (D:3)
1 creature vanquished.

Grand Total: 184 creatures vanquished

Notes
Turn   | Place    | Note
-------+----------+-------------------------------------------
     0 | D:1      | MaCx the Hill Orc Fighter began the quest for the Orb.
     0 | D:1      | Reached XP level 1. HP: 19/19 MP: 1/1
   340 | D:1      | Reached XP level 2. HP: 27/27 MP: 2/2
  1342 | D:1      | Reached XP level 3. HP: 30/34 MP: 3/3
  2140 | D:2      | Reached XP level 4. HP: 29/41 MP: 4/4
  2802 | D:2      | Reached skill level 5 in Fighting
  3429 | D:2      | Reached skill level 5 in Axes
  4109 | D:3      | Reached XP level 5. HP: 48/48 MP: 5/5
  5602 | D:3      | Found a glowing golden altar of the Shining One.
  6149 | D:4      | Got a polished flail
  6193 | D:4      | Reached XP level 6. HP: 54/57 MP: 6/6
  6235 | D:4      | Identified the +5 flail "Killer Bee's Doom" {crush, Dex+3}
                  | (You found it on level 4 of the Dungeon)
  6654 | D:4      | Found a glowing silver altar of Zin.
  6699 | D:4      | Reached XP level 7. HP: 66/66 MP: 7/7
  6717 | D:4      | Found Rerad's Antique Armour Emporium.
  6848 | D:4      | Found an ancient bone altar of Kikubaaqudgha.
  7244 | D:5      | Entered Level 5 of the Dungeon
  8092 | D:5      | Found a hazy altar of Hepliaklqana.
  8242 | D:5      | Reached XP level 8. HP: 74/74 MP: 8/8
  9298 | D:6      | Found a sacrificial altar of Ru.
  9402 | D:6      | Reached skill level 10 in Axes
  9648 | D:6      | Reached skill level 10 in Fighting
  9656 | D:6      | Reached XP level 9. HP: 85/85 MP: 9/9
 11533 | D:7      | Found Munt's Distillery.
 11552 | D:7      | Noticed Pikel
 11571 | D:7      | Killed Pikel
 11836 | D:7      | Found a staircase to the Ecumenical Temple.
 11845 | Temple   | Entered the Ecumenical Temple
 12012 | Temple   | Became a worshipper of Yredelemnul the Dark
 12689 | D:7      | Found a shadowy altar of Dithmenos.
 13075 | D:7      | Reached skill level 1 in Maces & Flails
 13665 | D:8      | Reached XP level 10. HP: 97/97 MP: 10/10
 14377 | D:8      | Found a runed gate.
 14377 | D:8      | Found a runed gate.
 14377 | D:8      | Found a runed gate.
 14377 | D:8      | Noticed a purple ugly thing
 14377 | D:8      | Noticed a cyan ugly thing
 14378 | D:8      | Noticed a red very ugly thing
 14425 | D:8      | Found a shattered altar of Ashenzari.
 14429 | D:8      | Found a transporter.
 14435 | D:8      | Found a transporter.
 15146 | D:9      | Paralysed by a hornet for 2 turns
 15149 | D:9      | Paralysed by a hornet for 1 turns
 15152 | D:9      | Paralysed by a hornet for 3 turns
 15172 | D:9      | HP: 4/97 [poisoned by a hornet]
 15177 | D:9      | HP: 3/97 [poisoned by a hornet]
 15182 | D:9      | HP: 2/97 [poisoned by a hornet]
 15189 | D:9      | HP: 2/97 [poisoned by a hornet]
 15197 | D:9      | HP: 2/97 [poisoned by a hornet]
 15612 | D:7      | Slain by a white ugly thing

Skill      XL: |  1  2  3  4  5  6  7  8  9 10 |
---------------+-------------------------------+-----
Axes           | 3 4 5 6 7 8 10 12 | 12.8
Fighting       | 4 5 6 7 8 10 11 12 | 12.3
Maces & Flails | 1 |  1.6
Armour         | |  3.2
Shields        | |  3.2

Action                   |  1- 3 |  4- 6 |  7- 9 | 10-12 || total
-------------------------+-------+-------+-------+-------++-------
Melee: War axe           |   109 |   186 |       |       ||   295
       Flail             |       |    10 |   226 |    46 ||   282
 Fire: Blowgun           |       |     7 |     2 |       ||     9
  Use: Scroll            |       |     2 |     1 |       ||     3
  Eat: Chunk             |     4 |    15 |    29 |       ||    48
Armor: Scale mail        |    57 |    64 |    79 |    12 ||   212
Dodge: Dodged            |    35 |    56 |    53 |    14 ||   158
Block: Shield            |    71 |    84 |   107 |    20 ||   282
